 Dungeon Crawl Stone Soup version 0.23.2-40-g277498a001 (webtiles) character file.

Game seed: 7821032227255832815

3482 Exodus22XD the Cleaver (level 9, -4/82 HPs)
             Began as a Deep Dwarf Fighter on Sept 5, 2019.
             Was the Champion of Ru.
             Killed by refrigeration
             ... invoked by Fannar
              (26 damage)
             ... on level 10 of the Dungeon.
             The game lasted 00:23:57 (7773 turns).

Exodus22XD the Cleaver (Deep Dwarf Fighter)         Turns: 7773, Time: 00:23:58

Health: -4/82      AC: 16    Str: 23    XL:     9   Next: 79%
Magic:  2/6        EV: 11    Int:  9    God:    Ru [******]
Gold:   547        SH: 11    Dex: 12    Spells: 15/15 levels left

rFire    x . .     SeeInvis +   a - +0 war axe
rCold    x . .     Gourm    +   c - +0 shield
rNeg     . . .     Faith    .   b - +0 scale mail
rPois    .         Spirit   .   (no helmet)
rElec    .         Reflect  .   n - +2 cloak
rCorr    .         Harm     .   (no gloves)
MR       ++...                  (no boots)
Stlth    +.........             z - amulet of the gourmand
HPRegen  0.00/turn              C - ring "Taumnox" {+Fly MR+ AC+5 SInv}
MPRegen  0.10/turn              (no ring)

@: exhausted, very slightly contaminated, non-regenerating
A: damage resistance, heal wounds, sense surroundings 2, inability to use
devices, inexperienced 1, temperature sensitive, no regeneration
a: Heal Wounds, Draw Out Power, Power Leap, Apocalypse, Renounce Religion


You were on level 10 of the Dungeon.
You worshipped Ru.
Ru was exalted by your worship.
You were completely stuffed.

You visited 2 branches of the dungeon, and saw 11 of its levels.

You collected 547 gold pieces.

Inventory:

Hand Weapons
 a - a +0 war axe (weapon)
 h - the +1 mace of Res Nullius {crush, rF- MR+++ Int+4}
   (You found it on level 7 of the Dungeon)

   It inflicts extra damage upon your enemies.
   It affects your intelligence (+4).
   It makes you vulnerable to fire.
   It affects your resistance to hostile enchantments.
Armour
 b - a +0 scale mail (worn)
 c - a +0 shield (worn)
 n - a +2 cloak (worn)
Jewellery
 u - an uncursed ring of flight {unknown}
 z - an amulet of the gourmand (around neck)
 C - the ring "Taumnox" (left hand) {+Fly MR+ AC+5 SInv}
   (You found it on level 7 of the Dungeon)

   [ring of protection]

   It affects your AC (+5).
   It affects your resistance to hostile enchantments.
   It lets you see invisible.
   It lets you fly.
Scrolls
 e - a scroll of amnesia
 g - 2 scrolls of blinking
 k - a scroll of fog
 o - 2 scrolls of enchant armour
 q - 3 scrolls of fear {unknown}
 r - 2 scrolls of remove curse
 v - 2 scrolls of enchant weapon {unknown}
 y - 2 scrolls of magic mapping {unknown}
 A - 2 scrolls of noise {unknown}
 B - a scroll of silence {unknown}
 D - a scroll of immolation {unknown}
 E - a scroll of brand weapon {unknown}
Potions
 d - a potion of might
 i - 3 potions of cancellation
 j - 2 potions of mutation
 l - 5 potions of curing
 m - a potion of agility {unknown}
 p - a potion of resistance
 s - 4 potions of lignification {unknown}
 t - a potion of invisibility {unknown}
 w - a potion of heal wounds {unknown}
Comestibles
 f - 20 rations
 x - 2 chunks of flesh


   Skills:
 + Level 6.2 Fighting
 + Level 10.5(11.0) Axes
 + Level 4.8(7.9) Maces & Flails
 + Level 7.2 Armour
 + Level 5.2 Dodging
 + Level 2.4 Stealth
 + Level 7.9 Shields
 * Level 3.6 Spellcasting


You had 15 spell levels left.
You didn't know any spells.
Your spell library contained the following spells:

 Spells                   Type           Power        Failure   Level  Hunger
 Flame Tongue             Conj/Fire      #....        86%         1    #......
 Throw Flame              Conj/Fire      #.....       94%         2    ###....
 Conjure Flame            Conj/Fire      #.......     99%         3    ###....
 Inner Flame              Hex/Fire       #.......     99%         3    ###....
 Sticky Flame             Conj/Fire      #.......     100%        4    #####..
 Fireball                 Conj/Fire      #.........   100%        5    ######.


Dungeon Overview and Level Annotations

Branches:
Dungeon (10/15)            Temple (1/1) D:4            Lair (0/6) D:10
    Orc: D:9-12

Altars:
Dithmenos
Fedhas
Gozag
Hepliaklqana
Kikubaaqudgha
Makhleb
Nemelex Xobeh
Okawaru
Qazlal
Ru
Sif Muna
Trog
Uskayaw
Wu Jian
Zin

Shops:
D:9 }

Annotations:
D:9 exclusion: ice statue
D:10 Fannar


Innate Abilities, Weirdness & Mutations

You are resistant to damage.
You can heal yourself by infusing magical energy.
You passively map the area around you.
You cannot study or use magical devices.
You are somewhat inexperienced. (-2 XL)
You are sensitive to extremes of temperature. (rF-, rC-)
You do not regenerate.


Message History

Fannar is moderately wounded.
Fannar drinks a potion.
Fannar suddenly seems more resistant.
You closely miss Fannar.
Fannar is moderately wounded.
Fannar mumbles some strange words.
Fannar hits you but does no damage.
You miss Fannar.
Fannar is moderately wounded.
Fannar casts a spell.
You closely miss Fannar.
Fannar is moderately wounded.
You hit the ice beast but do no damage. You block the ice beast's attack.
Blink to where?
Press: ? - help, Dir - move target cursor You are very lightly contaminated with residual magic.
As you read the scroll of blinking, it crumbles to dust.
Fannar mumbles some strange words.
Fannar drains the heat from the surrounding environment!
You feel a terrible chill!
You feel very cold.
You die...

P..P..)............#
...P..........###### ,
P...#.........##########
##.##.#...............#
* ** ,
#.#.......#######.#
#.#######.#...# #.# , *
*,* #.#.#.# #.# * ,
#.#.#.# #.# * *, #.#@#.#
#.# ,, *, #.#.#.###.# *
* #.#.#.....# ,* *
#.####### * ** ,*, #.# ,
* * #e# , ,,, * * ,,
#Y####### *, * * * *
#§Y...... , * *
#########


You could see Fannar and 2 ice beasts.

Vanquished Creatures
  A two-headed ogre (D:10)
  Joseph (D:8)
  A gargoyle (D:10)
  Grinder (D:6)
  Prince Ribbit (D:5)
  Eustachio (D:5)
  4 yaks (D:10)
  A wyvern (D:9)
  A hungry ghost (D:8)
  Menkaure (D:5)
  Edmund (D:5)
  3 porcupines (D:10)
  A sky beast (D:10)
  2 orc warriors
  An ice beast (D:7)
  4 black bears
  5 ogres
  7 centaurs
  A crocodile (D:10)
  8 bullfrogs
  A gnoll sergeant (D:7)
  2 scorpions (D:9)
  5 killer bees (D:8)
  4 howler monkeys
  3 crimson imps
  A centaur zombie (D:6)
  A bullfrog zombie (D:5)
  2 quasits
  3 hounds
  2 orc wizards (D:8)
  Crazy Yiuf (D:7)
  2 centaur skeletons
  A gnoll shaman (D:6)
  2 jellies
  6 orc priests
  An iguana (D:8)
  10 worker ants
  A killer bee zombie (D:7)
  2 hound skeletons
  2 worker ant zombies
  16 gnolls
  11 adders
  5 shadow imps
  2 oozes (D:3)
  An adder zombie (D:6)
  2 worms (D:4)
  2 dart slugs (D:1)
  7 leopard geckos
  18 orcs
  6 bats
  4 giant cockroaches
  6 goblins
  7 hobgoblins
  4 jackals
  9 kobolds
  6 quokkas
  A ball python (D:3)
  5 frilled lizards
  2 quokka skeletons
  A quokka zombie (D:3)
  7 rats
220 creatures vanquished.

Vanquished Creatures (others)
  A quasit (D:6)
  An orc wizard (D:8)
  An orc (D:8)
  10 fungi (D:10)
  A plant (D:10)
14 creatures vanquished.

Grand Total: 234 creatures vanquished

Notes
Turn   | Place    | Note
-------+----------+-------------------------------------------
     0 | D:1      | Exodus22XD the Deep Dwarf Fighter began the quest for the
                  | Orb.
     0 | D:1      | Reached XP level 1. HP: 20/20 MP: 1/1
    79 | D:1      | Reached XP level 2. HP: 27/27 MP: 2/2
   389 | D:1      | Reached XP level 3. HP: 30/34 MP: 3/3
   931 | D:2      | Reached skill level 3 in Axes
  1233 | D:3      | Reached XP level 4. HP: 28/42 MP: 4/4
  1295 | D:3      | Found an iron altar of Okawaru.
  1433 | D:3      | Found a deep blue altar of Sif Muna.
  1529 | D:3      | Reached skill level 1 in Dodging
  1781 | D:4      | Reached skill level 4 in Axes
  1781 | D:4      | Reached XP level 5. HP: 20/49 MP: 5/5
  1874 | D:4      | Found a staircase to the Ecumenical Temple.
  1937 | Temple   | Entered the Ecumenical Temple
  1943 | Temple   | Became a worshipper of Ru the Awakened
  2043 | D:4      | Reached skill level 5 in Axes
  2043 | D:4      | Reached XP level 6. HP: 32/56 MP: 6/6
  2342 | D:5      | Entered Level 5 of the Dungeon
  2342 | D:5      | Noticed Menkaure
  2345 | D:5      | Noticed Eustachio
  2351 | D:5      | Killed Menkaure
  2365 | D:5      | Killed Eustachio
  2365 | D:5      | Reached skill level 6 in Axes
  2365 | D:5      | Reached skill level 5 in Shields
  2365 | D:5      | Reached XP level 7. HP: 26/62 MP: 7/7
  2399 | D:5      | Noticed Edmund
  2423 | D:5      | Killed Edmund
  2472 | D:5      | Noticed Prince Ribbit
  2522 | D:5      | Killed Prince Ribbit
  2522 | D:5      | Reached skill level 7 in Axes
  2522 | D:5      | Reached XP level 8. HP: 29/72 MP: 7/7
  2727 | D:5      | Found an ornate altar of the Wu Jian Council.
  2735 | D:5      | Reached skill level 5 in Armour
  2942 | D:5      | Found a shadowy altar of Dithmenos.
  3318 | D:6      | Gained mutation: You cannot study or use magical devices.
                  | [Ru sacrifice]
  3318 | D:6      | Reached * piety under Ru
  3318 | D:6      | Reached ** piety under Ru
  3473 | D:6      | Noticed Grinder
  3490 | D:6      | Killed Grinder
  3490 | D:6      | Reached skill level 8 in Axes
  3659 | D:6      | Found an opulent altar of Gozag.
  4377 | D:7      | Gained mutation: You passively map the area around you.
                  | [Deep Dwarf growth]
  4377 | D:7      | Reached XP level 9. HP: 37/80 MP: 5/5
  4596 | D:7      | Got a translucent golden ring
  4617 | D:7      | Reached skill level 9 in Axes
  4621 | D:7      | Reached skill level 5 in Fighting
  4750 | D:7      | Identified the ring "Taumnox" {+Fly MR+ AC+5 SInv} (You
                  | found it on level 7 of the Dungeon)
  4805 | D:7      | Found a runed translucent door.
  4806 | D:7      | Noticed Crazy Yiuf
  5029 | D:7      | Killed Crazy Yiuf
  5034 | D:7      | Got a faintly glowing mace
  5035 | D:7      | Identified the cursed +1 mace of Res Nullius {crush, rF-
                  | MR+++ Int+4} (You found it on level 7 of the Dungeon)
  5148 | D:7      | Gained mutation: You are sensitive to extremes of
                  | temperature. (rF-, rC-) [Ru sacrifice]
  5148 | D:7      | Reached *** piety under Ru
  5148 | D:7      | Reached **** piety under Ru
  5190 | D:7      | Reached skill level 1 in Stealth
  5463 | D:8      | Reached skill level 1 in Maces & Flails
  5559 | D:8      | Reached skill level 1 in Spellcasting
  5697 | D:8      | Noticed Joseph
  5724 | D:8      | Killed Joseph
  5796 | D:8      | Reached XP level 10. HP: 56/90 MP: 8/8
  5944 | D:8      | Found a blossoming altar of Fedhas.
  6318 | D:9      | Found a hide-covered altar of Uskayaw.
  6403 | D:9      | Noticed an ice statue
  6406 | D:9      | Found Elouveimec's Gadget Shop.
  6556 | D:9      | Found an ancient bone altar of Kikubaaqudgha.
  6556 | D:9      | Found an iron altar of Okawaru.
  6556 | D:9      | Found a hazy altar of Hepliaklqana.
  6985 | D:9      | Gained mutation: You are somewhat inexperienced. (-2 XL)
                  | [Ru sacrifice]
  6985 | D:9      | Reached XP level 9. HP: 50/82 MP: 6/6
  6985 | D:9      | Reached XP level 8. HP: 50/76 MP: 5/5
  6985 | D:9      | Reached ***** piety under Ru
  6985 | D:9      | Reached ****** piety under Ru
  7314 | D:10     | Entered Level 10 of the Dungeon
  7317 | D:10     | Noticed a gargoyle
  7326 | D:10     | Killed a gargoyle
  7326 | D:10     | Reached skill level 5 in Dodging
  7450 | D:10     | Reached XP level 9. HP: 21/82 MP: 7/7
  7482 | D:10     | Reached skill level 10 in Axes
  7497 | D:10     | Noticed a two-headed ogre
  7505 | D:10     | Killed a two-headed ogre
  7625 | D:10     | HP: 4/82 [porcupine (10)]
  7758 | D:10     | Noticed Fannar
  7773 | D:10     | Killed from afar by Fannar

Skill      XL: |  1  2  3  4  5  6  7  8  9 10 |
---------------+-------------------------------+-----
Fighting       | 3 4 6 |  6.2
Axes           | 3 4 5 6 7 8 10 | 10.5
Dodging        | 1 2 3 5 4 |  5.2
Shields        | 4 5 6 7 |  7.9
Armour         | 4 5 7 |  7.2
Stealth        | 2 1 |  2.4
Maces & Flails | 3 4 |  4.8
Spellcasting   | 3 |  3.6

Action                   |  1- 3 |  4- 6 |  7- 9 | 10-12 || total
-------------------------+-------+-------+-------+-------++-------
Melee: War axe           |   107 |   161 |   439 |     8 ||   715
       Mace              |       |       |   191 |   100 ||   291
Invok: Sacrifice Artific |       |       |     1 |       ||     1
       Sacrifice Experie |       |       |     1 |       ||     1
       Power Leap        |       |       |     2 |       ||     2
       Sacrifice Resista |       |       |     1 |       ||     1
 Abil: Heal Wounds       |       |     2 |    26 |     3 ||    31
  Use: Scroll            |       |       |     8 |     3 ||    11
 Stab: Distracted        |       |       |     2 |     3 ||     5
       Invisible         |       |       |     2 |       ||     2
  Eat: Chunk             |     1 |     4 |    39 |     4 ||    48
Armor: Scale mail        |    54 |    84 |   208 |    36 ||   382
Dodge: Dodged            |    31 |    61 |   195 |    43 ||   330
Block: Shield            |    57 |   100 |   328 |    50 ||   535
